Map: Frozen Temple

Players

PiG - Winner!

  • Race: Zerg Zerg
  • League: Grandmaster

RunaMoK (Losira)

  • Race: Terran Terran
  • League: Grandmaster

Event: The PiG Daily 33

VOD

https://www.youtube.com/watch?v=JSg4-RFrGgM

Description

Time

  • Played on: July 4, 2016, 4:28 a.m.
  • Length: 11:51

All games in this series

Show
View Real Time Build Order
Export as new Build Order

PiG Zerg - Winner!

Build Orders: Pool First 

Get SALT Encoding   

  12  0:01  Drone  
  13  0:08  Drone  
  14  0:18  Overlord  
  14  0:26  Extractor, Drone  
  15  0:36  Drone x2  
  17  0:45  Spawning Pool  
  17  0:47  Drone  
  17  1:09  Hatchery  
  16  1:12  Drone  
  16  1:15  Drone  
  16  1:16  Extractor  
  17  1:22  Drone  
  18  1:27  Drone  
  18  1:32  Queen  
  19  1:37  Zergling x2  
  22  1:48  Overlord  
  22  2:06  Drone  
  22  2:08  Queen  
  23  2:12  Drone  
  26  2:35  Drone x2  
  26  2:36  Queen  
  30  2:38  Drone x2  
  30  2:39  Metabolic Boost  
  30  2:42  Drone x3  
  30  2:43  Drone  
  36  2:55  Overlord  
  36  2:56  Overlord  
  36  3:14  Drone x2  
  36  3:15  Drone x2  
  36  3:19  Drone x3  
  43  3:27  Evolution Chamber  
  43  3:29  Roach Warren  
  43  3:30  Drone x4  
  44  3:35  Overlord  
  44  3:37  Drone  
  45  3:42  Extractor  
  45  3:44  Extractor  
  45  3:47  Drone x2  
  45  3:51  Drone  
  45  3:52  Drone x2  
  45  3:53  Drone, Overlord  
  49  3:57  Zerg Ground Armor Level 1  
  49  4:06  Spore Crawler  
  49  4:11  Roach  
  49  4:12  Roach x4  
  59  4:23  Roach  
  61  4:28  Lair  
  61  4:29  Drone  
  61  4:30  Extractor, Hatchery, Drone x2  
  62  4:32  Drone  
  62  4:38  Queen  
  65  4:44  Overlord  
  65  4:48  Overlord  
  65  4:52  Roach  
  67  5:05  Roach x4  
  67  5:06  Overlord x3  
  75  5:17  Zergling x8  
  82  5:35  Zergling x14  
  86  5:47  Overlord x2, Infestation Pit  
  86  5:48  Drone  
  86  5:54  Zerg Ground Armor Level 2  
  86  5:55  Glial Reconstitution  
  86  5:57  Drone x5  
  91  6:29  Drone x3  
  91  6:36  Overlord  
  91  6:37  Hive, Pathogen Glands  
  80  6:53  Drone  
  80  6:54  Drone x2  
  77  6:58  Drone x3  
  77  6:59  Drone  
  79  7:03  Drone x9  
  79  7:06  Queen  
  90  7:08  Infestor  
  90  7:09  Infestor x3  
  90  7:14  Drone x2  
  100  7:20  Spore Crawler  
  100  7:22  Roach x6  
  99  7:23  Spore Crawler  
  99  7:26  Extractor, Drone x2  
  99  7:27  Drone, Extractor  
  99  7:28  Spore Crawler  
  99  7:29  Drone  
  99  7:39  Hatchery  
  99  7:40  Ravager  
  99  7:41  Ravager x5  
  99  7:42  Roach x8  
  99  7:43  Ravager  
  99  7:44  Ravager  
  116  7:45  Ravager  
  116  7:46  Zergling x2  
  116  7:47  Ravager  
  110  8:13  Infestor x2  
  110  8:19  Drone x2, Ultralisk Cavern  
  112  8:20  Drone x4  
  112  8:21  Drone x2  
  112  8:23  Drone x3  
  121  8:27  Ravager x2  
  122  8:38  Overlord x3  
  122  8:46  Overlord x2  
  122  8:47  Overlord  
  121  8:50  Extractor x2  
  119  8:57  Zerg Melee Weapons Level 1  
  119  8:58  Queen  
  119  9:01  Zergling x14  
  119  9:02  Zergling x2  
  126  9:10  Zergling x10  
  126  9:12  Roach x3  
  126  9:17  Chitinous Plating  
  137  9:18  Ultralisk x2  
  137  9:20  Ravager x2  
  151  9:26  Zergling x10  
  152  9:39  Drone x7  
  152  9:44  Overlord x2  
  152  9:45  Overlord  
  159  9:48  Ultralisk x2  
  171  9:58  Ultralisk  
  177  10:01  Adrenal Glands  
  177  10:02  Overlord  
  177  10:03  Overlord  
  176  10:14  Queen  
  176  10:19  Queen, Ultralisk  
  182  10:31  Ultralisk  
  182  10:32  Spire  
  186  10:40  Ultralisk  
  166  11:12  Ultralisk  
  168  11:24  Drone x2  
  170  11:26  Spore Crawler  
  170  11:27  Overseer x2, Spore Crawler  
  170  11:28  Overseer  
  168  11:35  Hatchery, Extractor  
  168  11:37  Extractor  
Show
View Real Time Build Order
Export as new Build Order

RunaMoK Terran 

Build Orders: Losira's Dragon-Turtle, Reaper Expand, MMM Bio 

Get SALT Encoding   

  12  0:01  SCV  
  13  0:13  SCV  
  14  0:18  Supply Depot  
  14  0:26  SCV  
  15  0:40  SCV  
  15  0:41  Barracks  
  16  0:44  Refinery  
  16  0:52  SCV  
  17  1:04  SCV  
  18  1:16  SCV  
  19  1:29  Reaper, Orbital Command  
  20  1:41  Command Center  
  20  1:52  Supply Depot  
  20  1:55  SCV  
  21  2:06  Barracks Reactor  
  21  2:08  SCV  
  22  2:09  Barracks  
  22  2:16  Refinery  
  22  2:20  SCV  
  23  2:32  SCV  
  23  2:44  SCV  
  24  2:51  Factory  
  24  2:56  Barracks Tech Lab, SCV  
  24  2:58  Marine x2  
  27  3:06  Orbital Command  
  27  3:08  SCV  
  28  3:14  Marine  
  28  3:15  Marine  
  28  3:18  Stimpack  
  30  3:20  SCV  
  31  3:32  SCV  
  31  3:33  SCV  
  33  3:34  Marine x2  
  33  3:38  Marine  
  36  3:43  Starport  
  36  3:44  Factory Reactor, SCV  
  36  3:47  SCV  
  38  3:52  Supply Depot  
  38  3:54  Marine  
  39  3:56  SCV  
  39  3:59  SCV  
  41  4:08  Marine x2  
  41  4:09  SCV  
  44  4:11  SCV  
  45  4:17  Supply Depot  
  45  4:21  SCV  
  45  4:23  SCV  
  47  4:29  Medivac x2, Marine  
  47  4:30  Marine x2  
  54  4:35  Supply Depot  
  54  4:39  SCV x2  
  54  4:42  Engineering Bay x2  
  56  4:45  Bunker  
  56  4:47  Marine x2  
  56  4:48  Marine  
  56  4:51  SCV  
  56  4:52  Refinery  
  60  4:58  Factory Reactor  
  60  5:01  SCV  
  60  5:03  SCV  
  62  5:08  Supply Depot  
  62  5:09  Terran Infantry Armor Level 1, Terran Infantry Weapons Level 1  
  62  5:11  Medivac  
  62  5:13  SCV  
  65  5:15  SCV  
  65  5:17  Marine x3  
  69  5:22  Combat Shields  
  69  5:26  SCV  
  70  5:29  SCV  
  70  5:31  Supply Depot  
  70  5:38  SCV  
  70  5:41  SCV  
  70  5:42  Command Center  
  71  5:46  Barracks  
  71  5:51  Factory Tech Lab, Marine x2  
  71  5:52  Marine  
  71  5:56  SCV  
  75  5:57  Supply Depot  
  75  5:59  Refinery  
  75  6:02  Liberator x2  
  75  6:12  Bunker  
  75  6:15  Marine x3  
  82  6:33  Marine  
  82  6:36  Marine  
  82  6:37  Marauder  
  82  6:38  Marine x2, Siege Tank  
  89  6:45  Liberator  
  89  6:46  SCV x2  
  83  6:50  Marine  
  79  6:54  Marine  
  79  6:56  Marine x2  
  79  6:58  Marine  
  79  6:59  Bunker  
  81  7:10  Barracks, Siege Tank  
  81  7:12  Barracks  
  81  7:14  SCV x2  
  86  7:20  Marine x2, Armory  
  86  7:22  Marine x2  
  88  7:23  Marine  
  91  7:38  Marine x2  
  91  7:41  Marauder  
  91  7:43  Marine x2  
  97  7:55  Marine  
  97  7:56  Marine  
  97  7:58  Medivac x2  
  97  7:59  SCV  
  97  8:00  Marine  
  97  8:01  Marine  
  97  8:02  Marauder  
  102  8:11  Marine  
  98  8:13  Marine x2  
  98  8:14  Orbital Command, Siege Tank, SCV x2  
  98  8:18  Marine x2  
  98  8:19  Barracks Reactor  
  99  8:24  Marauder  
  101  8:29  Marine  
  101  8:30  SCV  
  101  8:31  Marine, SCV  
  105  8:43  Orbital Command  
  105  8:44  SCV  
  105  8:45  Marauder  
  105  8:47  Marine  
  109  9:06  SCV x2  
  109  9:08  Marine, Marauder  
  107  9:10  Marine x2  
  107  9:14  Terran Infantry Weapons Level 2, Terran Infantry Armor Level 2  
  107  9:15  Terran Vehicle Weapons Level 1  
  109  9:17  Barracks Reactor  
  109  9:19  Concussive Shells, Marine, Siege Tank, SCV  
  114  9:29  Marauder  
  114  9:30  Marine x5  
  106  9:32  Medivac  
  106  9:33  SCV  
  106  9:34  SCV  
  106  9:35  SCV  
  111  9:39  Refinery  
  111  9:42  Supply Depot x2  
  111  9:45  SCV  
  112  9:46  SCV  
  112  9:51  Marauder  
  112  9:52  Marine x2  
  117  10:03  Supply Depot x2  
  117  10:04  Siege Tank, SCV x2  
  122  10:07  Marine x3  
  122  10:08  Marine x2  
  122  10:10  SCV  
  122  10:12  Marauder  
  127  10:14  Refinery  
  127  10:16  SCV  
  128  10:26  Marine x5  
  128  10:27  Marine  
  134  10:28  Medivac x2  
  134  10:32  Supply Depot x2  
  134  10:34  Marauder  
  138  10:37  Barracks  
  138  10:38  Barracks x2  
  137  10:47  SCV x2  
  137  10:49  Marine x2  
  141  10:50  Siege Tank  
  141  10:55  Marauder  
  146  11:01  Orbital Command  
  129  11:07  Marine  
  129  11:08  Marine x3  
  129  11:09  Marine x2  
  112  11:13  Marine  
  112  11:14  Marine  
  112  11:16  Marauder  
  104  11:25  Marine x5  
  103  11:26  Marine x2  
  103  11:31  SCV  
Tags
 
Add a new tag
Caveats
  • Supply blocks, unpowered buildings, or Contaminate may cause inaccurate times.
  • Supply counts are checked every 10 seconds.